AoeStats
← WindedTerror896

Oasis

509002159Analyzed
2v2 RM · 8d ago on Sep 25, 2026· 53m 40s· 4 players
Game mode
Random Map
Map size
Medium (4 player)
Population
200
Speed
Normal
Resources
Standard
Victory
Conquest
Starting age
Dark Age
Ending age
Imperial Age
RankedLock teamsTeams togetherTeam positionsShared explorationLock speedFull tech treeHidden civsTurbo modeCheats
Victory
Defeat
🇲🇽 Varangians · Mexico
987
+16
🇲🇽 Saxons · Mexico
983
+16
🇺🇸 Magyars · United States
1173
-24
🇺🇸 Bohemians · United States
783
-8
bwolfenberger
8:13 Loom
10:04 Feudal Age
12:09 Double-Bit Axe
14:50 Horse Collar
15:29 Bloodlines
20:01 Castle Age
18:36 Scale Barding Armor
22:45 Wheelbarrow
27:28 Hand Cart
27:00 Town Watch
27:28 Bow Saw
28:14 Fletching
33:27 Imperial Age
32:43 Bodkin Arrow
32:54 Husbandry
45:54 Ballistics
48:38 Bracer
48:39 Padded Archer Armor
48:47 Heavy Cavalry Archer
51:51 Parthian Tactics
KvotheTheNameless
13:24 Feudal Age
15:44 Loom
29:19 Arson
41:00 Town Watch
[Rockas] Querola
3:27 Loom
9:35 Feudal Age
11:09 Wheelbarrow
10:20 Town Watch
13:12 Bloodlines
13:29 Horse Collar
13:36 Double-Bit Axe
18:49 Forging
21:05 Scale Barding Armor
25:19 Castle Age
26:23 Bow Saw
26:17 Heavy Plow
26:23 Gold Mining
27:03 Husbandry
28:19 Wheelbarrow
31:37 Hand Cart
31:39 Fletching
32:26 Iron Casting
32:11 Chain Barding Armor
36:50 Town Patrol
41:44 Imperial Age
38:41 Vendel Legacy
39:28 Squires
39:20 Arson
41:36 Herbal Medicine
41:59 Scale Mail Armor
42:54 Conscription
46:02 Cavalier
47:48 Blast Furnace
47:24 Plate Barding Armor
50:16 Stone Mining
53:30 Ballistics
54:11 Chemistry
WindedTerror896
3:39 Loom
10:24 Feudal Age
16:22 Castle Age
14:16 Stone Mining
14:46 Double-Bit Axe
22:15 Fletching
26:42 Horse Collar
29:45 Wheelbarrow
37:34 Bow Saw
39:32 Gold Mining
41:35 Heavy Plow
42:23 Bodkin Arrow
46:18 Forging
46:08 Scale Mail Armor
50:58 Hand Cart
52:22 Iron Casting
52:02 Chain Mail Armor
53:15 Chain Mail Armor
Connection lost

Rejoining the realm…

Still unreachable

The connection could not be restored.

Session expired

The server has moved on; the page needs a fresh start.